 Dungeon Crawl Stone Soup version 0.27-a0-988-g25969acef8 (webtiles) character file.

Game seed: 17849532755662244072

311130 Drazool the Fencer (level 20, -8/141 HPs)
             Began as a Demonspawn Gladiator on Apr 14, 2021.
             Was a High Priest of Hepliaklqana.
             Shot with an arrow by a deep elf master archer (17 damage)
             ... on level 3 of the Elven Halls on Apr 15, 2021.
             The game lasted 04:27:27 (40967 turns).

Drazool the Fencer (Demonspawn Gladiator)          Turns: 40967, Time: 04:27:28

Health: -8/141     AC: 20    Str: 26    XL:     20   Next: 41%
Magic:  0/29       EV: 24    Int: 12    God:    Hepliaklqana [*****.]
Gold:   1982       SH: 18    Dex: 30    Spells: 23/31 levels left

rFire    . . .     SeeInvis .   a - +12 long sword "Xywaucyisk" {drain, Will+}
rCold    . . .     Faith    .   R - +3 kite shield {reflect}
rNeg     . . .     Spirit   +   M - +5 ring mail "Edux" {+Blink rPois}
rPois    +         Reflect  +   z - +2 hat {Stlth+}
rElec    .         Harm     .   k - +2 cloak
rCorr    .         Rampage  .   u - +1 pair of gloves of the Skies Above {Str+5}
Will     ++...     Clarity  +   (boots unavailable)
Stlth    ++++......             g - amulet of regeneration
HPRegen  1.33/turn              s - ring of Ahebleuh {Wiz +Blink Str+3 Dex+4}
MPRegen  0.42/turn              D - +6 ring of dexterity

@: about to teleport, studying Polearms
A: reduced essence, hooves 3, thin skeletal structure 2, spiny 2, magic shield,
magic regeneration, magic link, clarity, weak 1
}: 2/15 runes: serpentine, barnacled
a: Renounce Religion, Evoke Blink, Recall Ancestor, Ancestor Identity,
Transference, Idealise


You were on level 3 of the Elven Halls.
You worshipped Hepliaklqana.
Hepliaklqana was extremely pleased with you.
You visited 6 branches of the dungeon, and saw 34 of its levels.
You also visited: Ice Cave.

You collected 3634 gold pieces.
You spent 1652 gold pieces at shops.


Innate Abilities, Weirdness & Mutations

Your life essence is reduced to manifest your ancestor. (-10% HP)
You have hooves in place of feet.
You have a moderately thin skeletal structure. (Dex +4, Stealth+)
You are mostly covered in sharp spines.
When hurt, damage is shared between your health and your magic reserves.
You regenerate magic rapidly.
When low on magic, you restore magic in place of health.
You possess an exceptional clarity of mind.
You are weak. (Str -2)


   Skills:
 + Level 13.5 Fighting
 - Level 16.0 Long Blades
 - Level 1.7 Throwing
 + Level 10.8 Armour
 + Level 12.6 Dodging
 + Level 11.0 Shields
 - Level 6.0 Spellcasting
 - Level 15.6 Translocations
 - Level 5.0 Transmutations
 - Level 6.5 Earth Magic
 - Level 5.8 Invocations
 + Level 9.4 Evocations


You had 23 spell levels left.
You knew the following spells:

 Your Spells              Type           Power      Damage    Failure   Level
a - Apportation           Tloc           82%        N/A       1%          1
e - Passwall              Tmut/Erth      14%        N/A       2%          2
l - Lesser Beckoning      Tloc           20%        N/A       1%          3
B - Blink                 Tloc           N/A        N/A       1%          2

Your spell library contained the following spells:

 Spells                   Type           Power      Damage    Failure   Level
 Sandblast                Erth           38%        2d10      1%          1
 Stone Arrow              Conj/Erth      22%        3d8       13%         3
 Animate Skeleton         Necr           6%         N/A       16%         1
 Corona                   Hex            3%         N/A       16%         1
 Foxfire                  Conj/Fire      12%        2x1d4     16%         1
 Magic Dart               Conj           12%        1d3       16%         1
 Pain                     Necr           12%        1d4       16%         1
 Shock                    Conj/Air       12%        1d3       16%         1
 Summon Small Mammal      Summ           12%        N/A       16%         1
 Petrify                  Tmut/Erth      17%        N/A       16%         4
 Summon Forest            Summ/Tloc      11%        N/A       19%         5
 Call Imp                 Summ           3%         N/A       24%         2
 Corpse Rot               Necr/Air       N/A        N/A       24%         2
 Ensorcelled Hibernation  Hex/Ice        6%         N/A       24%         2
 Slow                     Hex            3%         N/A       24%         2
 Static Discharge         Conj/Air       3%         N/A       24%         2
 Ignite Poison            Fire/Tmut/Pois 7%         N/A       26%         3
 Lee's Rapid Deconstruct  Erth           9%         3d8*      30%         5
 Animate Armour           Summ/Erth      22%        N/A       38%         4
 Leda's Liquefaction      Hex/Erth       5%         N/A       38%         4
 Call Canine Familiar     Summ           3%         N/A       43%         3
 Confusing Touch          Hex            3%         N/A       43%         3
 Conjure Flame            Conj/Fire      3%         6-21      43%         3
 Dazzling Flash           Conj/Hex       6%         N/A       43%         3
 Inner Flame              Hex/Fire       3%         N/A       43%         3
 Mephitic Cloud           Conj/Pois/Air  3%         N/A       43%         3
 Summon Guardian Golem    Hex/Summ       3%         N/A       43%         3
 Swiftness                Air            3%         N/A       43%         3
 Tukima's Dance           Hex            3%         N/A       43%         3
 Vampiric Draining        Necr           1%         2d6       43%         3
 Hydra Form               Tmut           7%         N/A       47%         5
 Borgnjor's Vile Clutch   Necr/Erth      5%         N/A       71%         5
 Airstrike                Air            1%         N/A       82%         4
 Animate Dead             Necr           1%         N/A       82%         4
 Sticky Flame             Conj/Fire      3%         2d3       82%         4
 Summon Ice Beast         Ice/Summ       3%         N/A       82%         4
 Summon Lightning Spire   Summ/Air       3%         N/A       82%         4
 Alistair's Intoxication  Tmut/Pois      6%         N/A       82%         5
 Bolt of Magma            Conj/Fire/Erth 4%         4d5       86%         5
 Statue Form              Tmut/Erth      11%        N/A       90%         6
 Agony                    Necr           3%         N/A       98%         5
 Fireball                 Conj/Fire      1%         3d3       98%         5
 Iskenderun's Battlesphe  Conj           3%         2d6       98%         5
 Lightning Bolt           Conj/Air       1%         1d12      98%         5
 Silence                  Hex/Air        1%         N/A       98%         5
 Iron Shot                Conj/Erth      5%         9d2       99%         6
 Conjure Ball Lightning   Conj/Air       1%         3x3d6     100%        6
 Eringya's Noxious Bog    Tmut/Pois      4%         N/A       100%        6
 Invisibility             Hex            3%         N/A       100%        6
 Starburst                Conj/Fire      1%         8x6d3     100%        6
 Orb of Destruction       Conj           1%         N/A       100%        7
 Spellforged Servitor     Conj/Summ      1%         N/A       100%        7
 Summon Hydra             Summ           1%         N/A       100%        7
 Shatter                  Erth           9%         3d11*     100%        9
 Tornado                  Air            1%         N/A       100%        9

Inventory:

Hand Weapons
 a - the +12 long sword "Xywaucyisk" (weapon) {drain, Will+}
   (You found it on level 12 of the Dungeon)

   A truly terrible weapon, it drains the life of those it strikes.
   It increases your willpower.
 b - a +9 dagger of venom
 q - a +3 scimitar of flaming
 W - a +1 demon blade of venom
 X - a +9 double sword
Missiles
 l - 52 poisoned darts (quivered)
 m - 17 boomerangs of dispersal {=f}
 n - 13 curare-tipped darts {=f}
 H - 8 atropa-tipped darts
 Q - 7 throwing nets {=f}
Armour
 j - the +0 buckler "Gututt" {Regen+ Str-2 Dex+7}
   (You found it on level 9 of the Dungeon)

   It affects your strength (-2).
   It affects your dexterity (+7).
   It increases your rate of health regeneration.
 k - a +2 cloak (worn)
 u - the +1 pair of gloves of the Skies Above (worn) {Str+5}
   (You found it in an ice cave)

   It affects your strength (+5).
 z - a +2 hat of stealth (worn)
 M - the +5 ring mail "Edux" (worn) {+Blink rPois}
   (You found it on level 4 of the Lair of Beasts)

   It protects you from poison.
   It lets you blink.
 R - a +3 kite shield of reflection (worn)
Jewellery
 g - an amulet of regeneration (around neck)
 s - the ring of Ahebleuh (left hand) {Wiz +Blink Str+3 Dex+4}
   (You took it off a tengu warrior on level 13 of the Dungeon)

   [ring of wizardry]

   It improves your spell success rate.
   It affects your strength (+3).
   It affects your dexterity (+4).
   It lets you blink.
 v - a ring of see invisible
 y - the ring "Osuithrobonn" {rF+ rCorr Int-2 Dex+4}
   (You took it off a deep elf knight on level 13 of the Dungeon)

   [ring of resist corrosion]

   It affects your intelligence (-2).
   It affects your dexterity (+4).
   It protects you from fire.
   It protects you from acid and corrosion.
 B - the ring "Dofen" {Fire Str+2}
   (You took it off a deep elf annihilator on level 3 of the Elven Halls)

   [ring of fire]

   It enhances your fire magic.
   It affects your strength (+2).
   It protects you from fire.
   It makes you vulnerable to cold.
 C - a ring of ice
 D - a +6 ring of dexterity (right hand)
 F - a ring of fire
 N - a ring of positive energy
 O - a +4 ring of protection
 T - an amulet of faith {!P}
 U - the ring of Feta {rN+ Str+2}
   (You found it on level 14 of the Dungeon)

   [ring of positive energy]

   It affects your strength (+2).
   It protects you from negative energy.
 Z - a ring of wizardry
Wands
 c - a wand of digging (18)
 p - a wand of charming (6)
 t - a wand of flame (80)
 x - a wand of acid (38)
 J - a wand of mindburst (15)
 K - a wand of paralysis (8)
 V - a wand of iceblast (35)
Scrolls
 d - 7 scrolls of blinking
 e - 3 scrolls of teleportation {@r4}
 w - 21 scrolls of identify {@r1}
 E - 7 scrolls of amnesia
 G - 4 scrolls of magic mapping
 I - 5 scrolls of fog
 S - 5 scrolls of fear
Potions
 f - 6 potions of haste {@q3}
 h - 6 potions of mutation
 i - 8 potions of flight
 r - 3 potions of might
 A - 5 potions of brilliance
 L - a potion of ambrosia
 P - 3 potions of magic
 Y - 6 potions of curing {@q1}
Miscellaneous
 o - a box of beasts

Dungeon Overview and Level Annotations

Branches:
Dungeon (15/15)            Temple (0/1) D:4            Lair (6/6) D:8
 Shoals (4/4) Lair:3        Snake (4/4) Lair:2        Slime (0/5) Lair:5
    Orc (2/2) D:11            Elf (3/3) Orc:2        Vaults (0/5) D:13
 Depths (0/5) D:15          IceCv (visited)

Altars:
Hepliaklqana
Uskayaw
The Shining One
Jiyva

Shops:
D:3 !   D:4 *   Orc:2 *?([**([:   Elf:1 (   Shoals:1 *   Snake:2 ?:
Snake:4 ==:

Portals:
Trove: Elf:3 (show abyssal rune of Zot)

Annotations:
D:3 2 runed translucent doors, thegreatwait's ghost, amateur DEFE
D:13 3 runed translucent doors, robertstho's ghost, journeyman MiBe
Lair:2 exclusion: ice statue, dolemite99's ghost, journeyman DrCj
Snake:3 exclusion: 2 oklob plants

##.## ▒▒...........
###..)# ###▒...........░
##[....# #..▒....e.....░
#....))###.E▒..........░
##.....)#..E○.§...(...░
##...).)))).▒▒▒..§....░
..)####|#.).# ▒..).)..░░
.......))...# ▒▒.E§....░
...#######.## ▒@e.....░
##○### ### ▒.e......░
.....## ▒..(.......
......# ▒▒..........
.....## ▒▒..........
##.#..## ▒.3e4......
#".##..##### ▒......
...........# ▒▒...
...#.....###


You could see 2 deep elf blademasters, a deep elf master archer, a deep elf
demonologist, an earth elemental, a hellwing (summoned) and a neqoxec
(summoned).


Message History

* * * LOW HITPOINT WARNING * * *
The deep elf elementalist hits you with a +2 short sword of speed!
* * * LOW HITPOINT WARNING * * *
You hit the deep elf elementalist.
You kill the deep elf elementalist!
The earth elemental disappears in a puff of smoke! x2
The deep elf blademaster is struck by your spines.
The deep elf blademaster hits you but does no damage.
You block the deep elf blademaster's attack.
The deep elf master archer shoots an arrow.
The arrow barely misses you.
Casting: Blink (safe; 1% risk of failure)
Confirm with . or Enter, or press ? or * to list all spells.
You blink.
A deep elf demonologist comes into view.
It is wielding a +0 long sword.
The deep elf master archer shoots an arrow.
The arrow closely misses you.
The deep elf demonologist gestures wildly while chanting.
The deep elf master archer shoots an arrow.
The arrow barely misses you.
As you read the scroll of teleportation {@r4}, it crumbles to dust.
You feel strangely unstable.
The deep elf master archer shoots an arrow.
The arrow hits you!!
* * * LOW HITPOINT WARNING * * *
You block the deep elf blademaster's attack.
The deep elf blademaster hits you but does no damage.
The deep elf master archer shoots an arrow.
The arrow hits you!!
You die...

Skill      XL: |  1  2  3  4  5  6  7  8  9 10 11 12 13 14 15 16 17 18 19 20 |
---------------+-------------------------------------------------------------+-----
Long Blades    | 3 4 5 6 7 9 13 14 15 16 | 16.0
Dodging        | 3 4 5 6 7 8 9 10 11 12 | 12.6
Fighting       | 3 4 5 7 8 10 11 12 13 | 13.5
Invocations    | 1 3 5 |  5.8
Translocations | 5 9 10 12 14 15 | 15.6
Spellcasting   | 3 6 |  6.0
Shields        | 4 6 8 9 10 11 | 11.0
Armour         | 3 5 7 9 10 | 10.8
Evocations     | 5 6 8 9 |  9.4
Earth Magic    | 2 5 6 |  6.5
Transmutations | 3 5 |  5.0
Throwing       | |  1.7

Action                   |  1- 3 |  4- 6 |  7- 9 | 10-12 | 13-15 | 16-18 | 19-21 || total
-------------------------+-------+-------+-------+-------+-------+-------+-------++-------
Melee: Long sword        |    76 |    60 |   192 |   411 |   312 |  1164 |   559 ||  2774
       Dagger            |       |       |       |   104 |    60 |    21 |     6 ||   191
       Double sword      |       |       |       |       |   726 |       |       ||   726
       War axe           |       |       |       |       |     8 |    14 |       ||    22
       Kick              |       |       |       |       |   304 |   805 |   335 ||  1444
Throw: Throwing net      |     3 |       |     1 |       |     1 |       |       ||     5
       Dart              |       |     5 |    47 |    39 |   155 |    43 |    30 ||   319
 Cast: Blink             |       |       |       |     7 |    11 |     4 |    11 ||    33
       Apportation       |       |       |       |       |     5 |       |       ||     5
       Lesser Beckoning  |       |       |       |       |     3 |    33 |    12 ||    48
Invok: Recall Ancestor   |     2 |       |     1 |     5 |    18 |     5 |     5 ||    36
       Ancestor Identity |     1 |       |       |       |       |       |       ||     1
       Ancestor Life: He |       |       |     1 |       |       |       |       ||     1
       Transference      |       |       |       |       |    20 |     6 |     4 ||    30
       Idealise          |       |       |       |       |       |     1 |     1 ||     2
 Abil: Evoke Blink       |       |       |       |       |       |       |     1 ||     1
Evoke: Wand              |       |       |       |    14 |     9 |     3 |     3 ||    29
       Piece from Xom's  |       |       |       |       |     2 |       |       ||     2
  Use: Scroll            |     3 |       |    14 |     5 |    14 |    11 |     7 ||    54
       Potion            |       |     1 |       |     2 |     8 |     3 |     1 ||    15
 Stab: Sleeping          |     2 |       |       |     3 |     9 |    23 |    13 ||    50
       Held in net/web   |     3 |       |     2 |       |       |       |       ||     5
       Distracted        |       |     1 |     6 |    12 |    26 |    22 |     8 ||    75
       Confused          |       |       |     2 |    10 |    21 |    15 |    18 ||    66
       Paralysed         |       |       |       |     2 |    11 |    38 |    10 ||    61
Armor: Leather armour    |    16 |     6 |       |       |       |       |       ||    22
       Scale mail        |       |    11 |    59 |   113 |       |       |       ||   183
       Ring mail         |       |       |       |    71 |   173 |   185 |    77 ||   506
       Chain mail        |       |       |       |     1 |   114 |       |       ||   115
Dodge: Dodged            |    37 |    23 |    80 |   328 |   488 |   737 |   279 ||  1972
Block: Buckler           |       |       |       |   139 |   271 |   420 |    94 ||   924
       Kite shield       |       |       |       |       |    12 |       |   153 ||   165
       Reflection        |       |       |       |       |       |       |    11 ||    11
       Rpst.: Long sword |    14 |     2 |    18 |    62 |    36 |   139 |    48 ||   319
       Double sword      |       |       |       |       |    69 |       |       ||    69

Levels and vault maps discovered:
D:1:      nzn_arrival_settlement, layout_basic, chequers_ecumenical_altar_grove,
          serial_bayou_pond_b, grunt_decor_clamped
D:2:      layout_rooms, basic_altar
D:3:      layout_basic, serial_shops, nicolae_shop_waterfront,
          ebering_ghost_disaster_area, uniq_terence, uniq_sigmund
D:4:      layout_basic, minmay_temple_entry_junction_2, nicolae_alphabet_shops,
          uniq_menkaure
D:5:      layout_basic, serial_shops, shop, uniq_duvessa
D:6:      layout_loops_ring, chequers_hall_statues_corner_a, uniq_prince_ribbit1
D:7:      layout_loops_ring, minmay_crossroads
D:8:      layout_basic, gammafunk_temple_overflow_statue, lair_entry_dummy
D:9:      cheibrodos_steamvent, layout_small_grid, uniq_maurice
D:10:     minmay_diamond_stairs, layout_basic, uniq_josephine, uniq_urug,
          uniq_gastronok
D:11:     minmay_cut_squares, layout_loops_ring, orc_0_dummy, uniq_fannar,
          uniq_erolcha
D:12:     layout_cave_pods, serial_ice, serial_ice_b, serial_ice_m,
          serial_ice_n, serial_ice_d, portal_ice_cave_entry_animals_and_master,
          serial_bayou_pond_a, uniq_jorgrun
D:13:     minmay_the_grid_triangle_9x9_rhombus_thin_mashed
          [minmay_the_grid_triangle_9x9_warning,
          minmay_the_grid_triangle_9x9_prize_schism,
          minmay_the_grid_triangle_9x9_corrupted_corridor,
          minmay_the_grid_triangle_9x9_descending_squares], layout_stronghold,
          grunt_vaults_entry_fortified, gammafunk_ghost_necromancy
D:14:     layout_basic, nicolae_lava_and_water
D:15:     hangedman_depths_entry_try_elsewhere_first, layout_layer_cave,
          hangedman_abyss_or_decor_clamps, minivault_27
Lair:1:   layout_regular_city, cheibrodos_lair_reptile_den, uniq_joseph
Lair:2:   layout_long_grid, guppyfry_snake_entry_garden, nzn_ghost_randoct,
          beast_lair_carwin_5
Lair:3:   layout_hall_layers, elwin_shoals_entry_rocks
Lair:4:   layout_roguey, lemuel_fruit_tree, grunt_megastairs_5,
          serial_bayou_shore_b
Lair:5:   layout_gridlike, slime_altar_1, uniq_sonja
Lair:6:   minmay_lair_end_frog_pond, layout_misc_corridors, minivault_23
Shoals:1: layout_shoals, serial_shops, nicolae_shop_crystal
Shoals:2: layout_shoals
Shoals:3: layout_shoals
Shoals:4: shoals_end_hangedman, layout_shoals
Snake:1:  layout_cave_shapes, st_stairs_8
Snake:2:  nicolae_sea_snake_s, layout_honeycomb, minmay_shop_star,
          serial_bayou_shore_a, serial_bayou_shore_b
Snake:3:  dpeg_oklob_gauntlet, layout_onion_interference
Snake:4:  snake_pit_salamanders_mu, layout_rooms, basic_altar, minmay_shop_grove
Orc:1:    layout_caves
Orc:2:    grunt_orc_gardens, layout_diamond_mine, grunt_orc_garden,
          grunt_orc_garden, grunt_orc_garden, grunt_orc_garden, serial_shops,
          nicolae_shop_waterfront, nicolae_shop_waterfront,
          nicolae_shop_window_shopping, nicolae_shop_waterfront, shop
Elf:1:    layout_rooms, serial_shops, shop, hangedman_elf_represent,
          nicolae_elf_w_pinch, feat_on_display
Elf:2:    layout_loops_ring, nicolae_elf_big_sculpture_2, moated_statue,
          serial_sigils_hangedman_shear
Elf:3:    minmay_elf_hall_quartered_circle, layout_rooms,
          nicolae_trove_entry_isolated

Notes
Turn   | Place    | Note
-------+----------+-------------------------------------------
     0 | D:1      | Drazool the Demonspawn Gladiator began the quest for the
                  | Orb.
     0 | D:1      | Reached XP level 1. HP: 16/16 MP: 1/1
    61 | D:1      | You fall into a shaft and drop 1 floor!
   388 | D:2      | Gained mutation: You are partially covered in sharp spines.
                  | [demonic ancestry]
   388 | D:2      | Reached XP level 2. HP: 15/22 MP: 2/2
   495 | D:2      | Found a hazy altar of Hepliaklqana.
   514 | D:2      | Became a worshipper of Hepliaklqana the Forgotten
   639 | D:1      | Reached skill level 3 in Long Blades
   639 | D:1      | Reached skill level 3 in Dodging
   684 | D:1      | Found a faded altar of an unknown god.
   968 | D:1      | Reached XP level 3. HP: 25/25 MP: 3/3
  1484 | D:2      | HP: 2/25 [worm (9)]
  2284 | D:3      | Noticed Terence
  2305 | D:2      | Killed Terence
  2306 | D:2      | Reached skill level 3 in Fighting
  2306 | D:2      | Reached XP level 4. HP: 8/31 MP: 4/4
  2597 | D:3      | Found a large runed translucent door.
  2597 | D:3      | Found a large runed translucent door.
  2983 | D:3      | Noticed Sigmund
  3139 | D:3      | Found Zaon's Distillery.
  3326 | D:3      | Noticed thegreatwait's ghost (amateur DEFE)
  3514 | D:3      | Reached XP level 5. HP: 35/36 MP: 5/5
  3812 | D:3      | Reached * piety under Hepliaklqana
  3914 | D:3      | Killed Sigmund
  3915 | D:3      | Reached skill level 4 in Fighting
  3915 | D:3      | Reached skill level 4 in Long Blades
  3915 | D:3      | Reached skill level 4 in Dodging
  3915 | D:3      | Reached XP level 6. HP: 43/43 MP: 6/6
  4053 | D:4      | Noticed Menkaure
  4065 | D:4      | Killed Menkaure
  4097 | D:4      | Gained mutation: You regenerate magic rapidly. [demonic
                  | ancestry]
  4097 | D:4      | Reached XP level 7. HP: 49/49 MP: 7/7
  4136 | D:4      | Found a staircase to the Ecumenical Temple.
  4171 | D:4      | Reached skill level 5 in Long Blades
  4171 | D:4      | Reached skill level 5 in Dodging
  4196 | D:4      | Found Fithraphi's Fabulous Fripperies.
  4294 | D:4      | Reached skill level 5 in Fighting
  4444 | D:4      | Reached ** piety under Hepliaklqana
  4445 | D:4      | Remembered your ancestor Father Ted as a hexer
  4988 | D:5      | Entered Level 5 of the Dungeon
  5152 | D:5      | Reached XP level 8. HP: 57/57 MP: 8/8
  5152 | D:5      | Found Finy's Antique Armour Shop.
  5228 | D:5      | Reached skill level 6 in Fighting
  5390 | D:5      | Reached skill level 6 in Long Blades
  5390 | D:5      | Reached skill level 6 in Dodging
  5611 | D:5      | Noticed Duvessa
  5611 | D:5      | Noticed Dowan
  5617 | D:5      | Killed Duvessa
  5618 | D:5      | Killed Dowan
  5963 | D:5      | Reached *** piety under Hepliaklqana
  6242 | D:6      | Noticed Prince Ribbit
  6254 | D:6      | Killed Prince Ribbit
  6255 | D:6      | Reached skill level 7 in Fighting
  6255 | D:6      | Reached skill level 1 in Invocations
  6255 | D:6      | Reached XP level 9. HP: 60/64 MP: 9/9
  6573 | D:6      | Reached skill level 7 in Long Blades
  6573 | D:6      | Reached skill level 2 in Invocations
  7298 | D:7      | Reached skill level 7 in Dodging
  7500 | D:7      | Reached skill level 3 in Invocations
  7548 | D:7      | Reached **** piety under Hepliaklqana
  8102 | D:8      | Learned a level 2 spell: Blink
  8152 | D:8      | Reached skill level 1 in Translocations
  8222 | D:8      | Reached skill level 2 in Translocations
  8341 | D:8      | Reached skill level 3 in Translocations
  8437 | D:8      | Found a hide-covered altar of Uskayaw.
  8530 | D:8      | Reached skill level 4 in Translocations
  8720 | D:8      | Reached skill level 5 in Translocations
  8722 | D:8      | Gained mutation: You have a somewhat thin skeletal
                  | structure. (Dex +2, Stealth) [demonic ancestry]
  8722 | D:8      | Reached XP level 10. HP: 71/71 MP: 12/12
  8759 | D:8      | Found a staircase to the Lair.
  8892 | D:9      | HP: 7/71 [orc priest/nerve-wracking pain (9)]
  8898 | D:9      | Reached skill level 6 in Translocations
  9296 | D:9      | Identified the +0 buckler "Gututt" {Regen+ Str-2 Dex+7}
  9665 | D:9      | Reached ***** piety under Hepliaklqana
  9715 | D:9      | Noticed Maurice
  9746 | D:9      | Reached skill level 7 in Translocations
  9750 | D:9      | Killed Maurice
  9783 | D:9      | Noticed a two-headed ogre
  9827 | D:9      | Killed a two-headed ogre
  9828 | D:9      | Reached skill level 8 in Translocations
 10673 | D:10     | Entered Level 10 of the Dungeon
 10686 | D:10     | Noticed a deep elf pyromancer
 10686 | D:10     | Noticed a boulder beetle
 10761 | Lair:1   | Entered Level 1 of the Lair of Beasts
 10761 | Lair:1   | Noticed a black mamba
 10768 | Lair:1   | Killed a black mamba
 10807 | Lair:1   | Reached skill level 9 in Translocations
 10847 | Lair:1   | Noticed Joseph
 10862 | Lair:1   | Killed Joseph
 10863 | Lair:1   | Reached skill level 2 in Spellcasting
 10937 | Lair:1   | Noticed an eight-headed hydra
 11056 | Lair:1   | You fall into a shaft and drop 1 floor!
 11066 | Lair:2   | Reached skill level 3 in Spellcasting
 11092 | Lair:2   | Noticed a six-headed hydra
 11100 | Lair:2   | Found a transporter.
 11101 | Lair:2   | You fall into a shaft and drop 1 floor!
 11134 | Lair:3   | Gained mutation: You have large cloven feet. [demonic
                  | ancestry]
 11134 | Lair:3   | Reached XP level 11. HP: 75/75 MP: 16/16
 11142 | Lair:3   | Reached skill level 4 in Spellcasting
 11243 | Lair:3   | Reached skill level 1 in Shields
 11323 | Lair:2   | Noticed a catoblepas
 11342 | Lair:3   | Killed a catoblepas
 11343 | Lair:3   | Reached skill level 2 in Shields
 11378 | Lair:3   | Reached skill level 5 in Spellcasting
 11406 | Lair:3   | Noticed a four-headed hydra
 11426 | Lair:3   | Killed a four-headed hydra
 11427 | Lair:3   | Reached skill level 3 in Shields
 11603 | Lair:2   | Reached skill level 10 in Translocations
 11605 | Lair:2   | Reached skill level 4 in Shields
 11676 | Lair:2   | Reached skill level 6 in Spellcasting
 11713 | Lair:2   | Reached skill level 8 in Long Blades
 11881 | Lair:2   | Found a staircase to the Snake Pit.
 12034 | Lair:2   | Noticed a four-headed hydra
 12100 | Lair:2   | Killed a four-headed hydra
 12101 | Lair:2   | Reached skill level 9 in Long Blades
 12212 | Lair:2   | Killed a six-headed hydra
 12213 | Lair:2   | Gained mutation: You are mostly covered in sharp spines.
                  | [demonic ancestry]
 12213 | Lair:2   | Reached XP level 12. HP: 81/81 MP: 21/21
 12273 | Lair:2   | Reached ****** piety under Hepliaklqana
 12310 | Lair:2   | Found a transporter.
 12328 | Lair:2   | Noticed dolemite99's ghost (journeyman DrCj)
 12624 | Lair:2   | Noticed a six-headed hydra
 12650 | Lair:2   | Reached skill level 10 in Long Blades
 12856 | Lair:1   | Killed an eight-headed hydra
 12983 | Lair:1   | Noticed a four-headed hydra
 12997 | Lair:1   | Killed a four-headed hydra
 13105 | Lair:1   | Reached skill level 11 in Long Blades
 13473 | Lair:3   | Found a staircase to the Shoals.
 13503 | Lair:3   | Noticed a five-headed hydra
 13522 | Lair:3   | Killed a five-headed hydra
 13952 | D:10     | Noticed a centaur warrior
 13967 | D:10     | Killed a centaur warrior
 13968 | D:10     | Reached skill level 12 in Long Blades
 13982 | D:10     | Noticed a boulder beetle
 13997 | D:10     | Killed a boulder beetle
 14064 | D:10     | Noticed Josephine
 14266 | D:10     | Killed Josephine
 14345 | D:10     | Reached skill level 13 in Long Blades
 14529 | D:10     | Noticed Gastronok
 14543 | D:10     | Killed Gastronok
 14544 | D:10     | Gained mutation: You have hoof-like feet. [demonic
                  | ancestry]
 14544 | D:10     | Reached XP level 13. HP: 86/86 MP: 22/22
 14600 | D:10     | Noticed Urug
 14618 | D:10     | Killed Urug
 15003 | D:11     | Noticed Erolcha
 15380 | D:11     | Noticed Fannar
 15396 | D:11     | Killed Fannar
 15556 | D:11     | Found a staircase to the Orcish Mines.
 15854 | Lair:4   | Reached skill level 11 in Translocations
 16067 | Lair:4   | You fall into a shaft and drop 2 floors!
 16067 | Lair:6   | Entered Level 6 of the Lair of Beasts
 16170 | Lair:5   | Noticed Sonja
 16186 | Lair:5   | Killed Sonja
 16219 | Lair:5   | Found a staircase to the Slime Pits.
 16253 | Lair:5   | Found a viscous altar of Jiyva.
 16413 | Lair:5   | Reached skill level 12 in Translocations
 16950 | Lair:4   | Reached skill level 14 in Long Blades
 17341 | Lair:4   | Identified the +5 ring mail "Edux" {+Blink rPois}
 17900 | Lair:6   | Reached XP level 14. HP: 92/92 MP: 23/23
 18125 | Lair:6   | HP: 9/92 [cane toad (20)]
 18186 | Lair:6   | Reached skill level 13 in Translocations
 18601 | Lair:6   | Reached skill level 15 in Long Blades
 18718 | Lair:6   | Identified the +10 spear of the Heart {holy, Will+ Int+2
                  | SInv}
 19251 | Lair:6   | Identified a potion of resistance
 19592 | D:11     | Paralysed by an ogre mage for 4 turns
 19793 | D:11     | Killed Erolcha
 19838 | D:11     | Reached skill level 14 in Translocations
 19864 | D:11     | Learned a level 1 spell: Apportation
 19989 | D:11     | Identified the Compendium of Ignition and Evil
 20177 | Orc:1    | Entered Level 1 of the Orcish Mines
 20546 | Orc:2    | Entered Level 2 of the Orcish Mines
 20618 | Orc:2    | Noticed an orc warlord
 20645 | Orc:1    | Killed an orc warlord
 20703 | Orc:2    | Identified a +2 robe of resistance
 20760 | Orc:1    | Gained mutation: You have hooves in place of feet. [demonic
                  | ancestry]
 20760 | Orc:1    | Reached XP level 15. HP: 84/97 MP: 24/24
 20884 | Orc:2    | Found Cacotar's Antique Weapon Boutique.
 20903 | Orc:2    | Found a staircase to the Elven Halls.
 20955 | Orc:2    | Noticed an orc warlord
 20976 | Orc:2    | Killed an orc warlord
 20977 | Orc:2    | Reached skill level 16 in Long Blades
 21065 | Orc:2    | Found Rableh's Book Shop.
 21106 | Orc:2    | Found Cuawn's General Store.
 21122 | Orc:2    | Found Mitanaca's Antique Weapon Emporium.
 21144 | Orc:2    | Paralysed by an orc sorcerer for 3 turns
 21209 | Orc:2    | Reached skill level 4 in Invocations
 21234 | Orc:2    | Reached skill level 1 in Armour
 21307 | Orc:2    | Found Kuuwaq's Magic Scroll Shoppe.
 21320 | Orc:2    | Bought a scroll of enchant armour for 127 gold pieces
 21397 | Orc:2    | Paralysed by an orc sorcerer for 4 turns
 21438 | Orc:2    | Found Suhout's Antique Armour Emporium.
 21465 | Orc:2    | Found Sipied's Assorted Antiques.
 21468 | Orc:2    | Found Zaboxtiuwu's Armour Emporium.
 21478 | Orc:2    | Found Dusag's Assorted Antiques.
 21547 | Orc:2    | Bought a scroll labelled POIMEO OLAECH for 29 gold pieces
 21547 | Orc:2    | Bought an encrusted lead wand for 116 gold pieces
 22076 | Orc:2    | Bought a glowing demon blade for 558 gold pieces
 22173 | D:12     | Identified the +12 long sword "Xywaucyisk" {drain, Will+}
 22222 | D:12     | Reached skill level 2 in Armour
 22243 | D:12     | Found a frozen archway.
 22250 | D:12     | Reached skill level 8 in Fighting
 22250 | D:12     | Reached skill level 5 in Invocations
 22285 | IceCv    | Entered an ice cave
 22636 | IceCv    | Reached skill level 5 in Shields
 22676 | IceCv    | Identified the +4 chain mail of the Stone Wall {Fly rElec
                  | Str+2}
 22685 | IceCv    | Identified the +1 pair of gloves of the Skies Above {Str+5}
 22704 | IceCv    | Identified the +1 hunting sling of the Sun {freeze, Fragile
                  | rN+ Dex+4 SInv}
 23022 | D:12     | Noticed Jorgrun
 23033 | D:12     | Killed Jorgrun
 23225 | D:12     | Reached skill level 6 in Shields
 24185 | D:11     | Reached skill level 1 in Evocations
 24402 | D:12     | Reached skill level 2 in Evocations
 24673 | D:13     | Reached skill level 3 in Evocations
 24945 | D:13     | Reached skill level 4 in Evocations
 25015 | D:13     | Found a runed translucent gate.
 25015 | D:13     | Found a runed translucent gate.
 25015 | D:13     | Found a runed translucent gate.
 25146 | D:13     | Reached skill level 5 in Evocations
 25274 | D:13     | Learned a level 3 spell: Lesser Beckoning
 25298 | D:13     | Identified the ring "Osuithrobonn" {rF+ rCorr Int-2 Dex+4}
 25314 | D:13     | Identified the ring of Ahebleuh {Wiz +Blink Str+3 Dex+4}
 25421 | D:13     | Reached skill level 3 in Armour
 25527 | D:13     | Reached skill level 8 in Dodging
 25527 | D:13     | Gained mutation: You have a moderately thin skeletal
                  | structure. (Dex +4, Stealth+) [demonic ancestry]
 25527 | D:13     | Reached XP level 16. HP: 79/106 MP: 25/25
 25556 | D:13     | Found a gate to the Vaults.
 26010 | D:13     | Noticed robertstho's ghost (journeyman MiBe)
 26114 | D:14     | Identified the ring of Feta {rN+ Str+2}
 26242 | D:14     | Reached skill level 7 in Shields
 26461 | D:14     | Reached skill level 4 in Armour
 26690 | D:14     | Reached skill level 9 in Fighting
 26918 | D:15     | Entered Level 15 of the Dungeon
 27452 | D:15     | Found a staircase to the Depths.
 27457 | D:15     | Paralysed by a great orb of eyes for 4 turns
 27459 | D:15     | HP: 6/108 [torpor snail (glowing shapeshifter) (9)]
 27465 | D:15     | Reached skill level 5 in Armour
 28025 | D:15     | Reached skill level 9 in Dodging
 28629 | Snake:1  | Entered Level 1 of the Snake Pit
 28654 | Snake:1  | Learned a level 2 spell: Passwall
 28701 | Snake:1  | Reached skill level 8 in Shields
 28840 | Snake:1  | Identified the amulet "Uqeriok" {Acrobat rPois rF++ Will-
                  | SInv}
 28858 | Snake:1  | Reached skill level 1 in Earth Magic
 29472 | Snake:2  | Reached skill level 10 in Fighting
 29519 | Snake:2  | Found Liticre's Book Boutique.
 29579 | Snake:2  | Reached skill level 2 in Earth Magic
 29584 | Snake:2  | Gained mutation: When hurt, damage is shared between your
                  | health and your magic reserves. [demonic ancestry]
 29584 | Snake:2  | Reached XP level 17. HP: 61/115 MP: 26/26
 29812 | Snake:2  | Reached skill level 6 in Armour
 30392 | Snake:2  | Found Folashel's Magic Scroll Boutique.
 30394 | Snake:2  | Found Caistu's Assorted Antiques.
 30400 | Snake:2  | Bought a scroll of blinking for 105 gold pieces
 30400 | Snake:2  | Bought a scroll of magic mapping for 49 gold pieces
 30400 | Snake:2  | Bought a scroll of magic mapping for 49 gold pieces
 30575 | Snake:2  | Reached skill level 3 in Earth Magic
 31040 | Snake:3  | Gained mutation: You are weak. (Str -2) [potion of
                  | mutation]
 31040 | Snake:3  | Gained mutation: You possess an exceptional clarity of
                  | mind. [potion of mutation]
 32206 | Snake:4  | Entered Level 4 of the Snake Pit
 32232 | Snake:3  | Reached skill level 9 in Shields
 32331 | Snake:4  | Reached skill level 10 in Dodging
 32339 | Snake:4  | Reached skill level 15 in Translocations
 32353 | Snake:4  | Reached skill level 4 in Earth Magic
 32444 | Snake:4  | Reached skill level 7 in Armour
 32742 | Snake:4  | Upgraded the game from 0.27-a0-978-g2aa4ecdaef to
                  | 0.27-a0-988-g25969acef8
 32751 | Snake:4  | Reached skill level 11 in Fighting
 32849 | Snake:4  | Reached skill level 5 in Earth Magic
 32891 | Snake:4  | Reached XP level 18. HP: 104/124 MP: 20/27
 33332 | Snake:4  | Found Hoschen's Book Emporium.
 33332 | Snake:4  | Found Emuic's Jewellery Shop.
 33333 | Snake:4  | Found Yschesm's Jewellery Shop.
 33347 | Snake:4  | Bought an amulet of regeneration for 420 gold pieces
 33657 | Snake:4  | Reached skill level 8 in Armour
 33940 | Snake:4  | Reached skill level 6 in Earth Magic
 34142 | Snake:4  | Reached skill level 11 in Dodging
 34157 | Snake:4  | Got a serpentine rune of Zot
 34444 | Shoals:1 | Entered Level 1 of the Shoals
 34819 | Shoals:1 | Found Bejef's General Store.
 34834 | Shoals:1 | Bought a potion of curing for 57 gold pieces
 34834 | Shoals:1 | Bought a scroll of enchant weapon for 142 gold pieces
 35230 | Shoals:2 | Reached skill level 6 in Evocations
 35433 | Shoals:2 | Reached skill level 12 in Fighting
 35939 | Shoals:3 | Reached skill level 9 in Armour
 36271 | Shoals:3 | Identified the +1 robe "Ezeigerph" {rPois}
 36626 | Shoals:4 | Entered Level 4 of the Shoals
 36678 | Shoals:4 | Reached XP level 19. HP: 112/131 MP: 23/28
 36736 | Shoals:4 | Reached skill level 7 in Evocations
 36922 | Shoals:4 | HP: 13/132 [merfolk javelineer/silver javelin (15)]
 36927 | Shoals:4 | HP: 11/132 [poisoned by a merfolk javelineer]
 37222 | Shoals:4 | Got a barnacled rune of Zot
 37993 | Elf:1    | Entered Level 1 of the Elven Halls
 38017 | Elf:1    | Reached skill level 10 in Shields
 38256 | Elf:1    | Reached skill level 8 in Evocations
 38290 | Elf:1    | Reached skill level 12 in Dodging
 38432 | Elf:1    | Reached skill level 10 in Armour
 38841 | Elf:1    | Found Sesiunog's Weapon Shoppe.
 38937 | Elf:2    | Reached skill level 13 in Fighting
 39090 | Elf:2    | Identified the +7 quarterstaff "Dragonbane" {freeze, Dex+4}
 39149 | Elf:2    | Reached skill level 1 in Transmutations
 39321 | Elf:2    | Found a runed translucent gate.
 39321 | Elf:2    | Found a runed translucent gate.
 39321 | Elf:2    | Found a runed translucent gate.
 39434 | Elf:2    | Reached skill level 2 in Transmutations
 39929 | Elf:2    | Reached skill level 3 in Transmutations
 39964 | Elf:2    | Gained mutation: When low on magic, you restore magic in
                  | place of health. [demonic ancestry]
 39964 | Elf:2    | Reached XP level 20. HP: 63/140 MP: 17/29
 40321 | Elf:3    | Entered Level 3 of the Elven Halls
 40375 | Elf:3    | Reached skill level 9 in Evocations
 40402 | Elf:3    | Found a portal to a secret trove of treasure.
 40750 | Elf:3    | Reached skill level 4 in Transmutations
 40860 | Elf:3    | Identified the +7 halberd of Vodka {elec, rElec rF+ rC+
                  | Dex+3}
 40886 | Elf:3    | Identified the ring "Dofen" {Fire Str+2}
 40887 | Elf:3    | Identified the +1 leather armour "Wewex" {rC+}
 40912 | Elf:3    | Reached skill level 11 in Shields
 40948 | Elf:3    | Reached skill level 5 in Transmutations
 40967 | Elf:3    | HP: 9/141 [deep elf master archer/arrow (21)]
 40967 | Elf:3    | Shot with an arrow by a deep elf master archer

Vanquished Creatures
  Jorgrun (D:12)
  2 krakens
  2 deep elf blademasters (Elf:3)
  4 nagarajas
  3 deep elf sorcerers
  2 orc warlords
  6 deep elf elementalists (Elf:3)
  3 deep elf demonologists
  5 deep elf annihilators (Elf:3)
  6 merfolk javelineers
  An ettin (Orc:1)
  4 deep elf high priests (Elf:3)
  3 salamander tyrants (Snake:4)
  4 merfolk impalers
  Fannar (D:11)
  A great orb of eyes (D:15)
  5 vault guards (D:13)
  17 naga warriors
  16 hydras
  An ice dragon (D:12)
  An ogre mage (D:15)
  2 catoblepae
  Erolcha (D:11)
  3 boulder beetles
  11 anacondas
  An alligator snapping turtle (Shoals:4)
  6 centaur warriors
  A merfolk avatar (Shoals:4)
  6 two-headed ogres
  5 merfolk aquamancers
  31 dancing weapons
  3 tengu warriors
  2 satyrs
  5 death yaks (Lair:6)
  8 shock serpents
  Urug (D:10)
  7 naga sharpshooters
  17 deep elf knights
  A shock serpent (shapeshifter) (D:13)
  7 slime creatures
  2 orc high priests
  Sonja (Lair:5)
  4 skeletal warriors
  12 salamander mystics
  18 sea snakes
  4 naga ritualists
  2 wizards (D:13)
  4 orc knights
  15 harpies
  4 lindwurms (Snake:4)
  7 deep elf archers
  A necromancer (IceCv)
  An oklob plant (Lair:6)
  21 deep elf zephyrmancers
  19 deep elf pyromancers
  29 ugly things
  11 manticores
  20 salamanders
  6 orc sorcerers
  11 mana vipers
  3 cyclopes
  5 merfolk sirens
  3 ice statues (IceCv)
  9 elephants
  7 guardian serpents
  6 fauns
  38 black mambas
  8 water nymphs
  21 naga magi
  Joseph (Lair:1)
  2 gargoyles (D:12)
  23 cane toads
  2 unseen horrors
  4 yaktaurs
  7 komodo dragons
  A rime drake (Lair:3)
  An efreet (D:14)
  4 tengu conjurers
  A freezing wraith (D:10)
  8 ice devils (IceCv)
  5 polar bears
  7 trolls
  4 wind drakes
  5 tyrant leeches (Lair:6)
  27 merfolk
  12 snapping turtles
  4 dream sheep (Shoals:4)
  34 blink frogs
  A blink frog (shapeshifter) (D:10)
  A redback (shapeshifter) (D:11)
  8 water elementals
  An air elemental (Elf:2)
  A shadow (D:12)
  Sigmund (D:3)
  30 yaks
  5 wraiths
  3 wyverns
  2 fire elementals
  A steam dragon (D:9)
  4 basilisks
  Menkaure (D:4)
  42 nagas
  23 vampire mosquitoes
  A warg (Orc:2)
  An acid dragon (D:12)
  Duvessa (D:5)
  A water moccasin (shapeshifter) (D:15)
  5 water moccasins
  23 orc warriors
  An ice beast (D:12)
  A sky beast (D:8)
  2 black bears
  14 centaurs
  11 ogres
  21 wolves
  A kobold brigand (D:8)
  A gnoll sergeant (D:13)
  15 bullfrogs
  An earth elemental (Elf:1)
  A scorpion (D:5)
  4 killer bees (D:10)
  An electric eel (Lair:5)
  3 hexers
  A bullfrog zombie (D:5)
  2 draconian simulacra (IceCv)
  3 centaur zombies
  4 hounds
  8 orc priests
  A gnoll shaman (D:9)
  A centaur skeleton (D:6)
  An iguana (D:5)
  Terence (D:2)
  2 spriggan simulacra (IceCv)
  4 hell rats (Lair:6)
  16 orc wizards
  2 troll simulacra (IceCv)
  A centaur simulacrum (IceCv)
  A hound skeleton (D:5)
  A howler monkey zombie (D:7)
  13 gnolls
  4 adders
  An ogre simulacrum (IceCv)
  2 naga simulacra (IceCv)
  2 white imps
  An ufetubus (D:12)
  An adder skeleton (D:4)
  2 worms
  2 dart slugs
  50 orcs
  9 endoplasms
  3 giant cockroaches
  4 goblins
  4 hobgoblins
  2 jackals (D:1)
  A quokka (D:3)
  An ancestor (D:2)
  6 ball pythons
  4 bats
  4 frilled lizards
  11 kobolds
  3 rats
  A tentacle (Shoals:3)
1063 creatures vanquished.

Vanquished Creatures (collateral kills)
  Gastronok (D:10)
  A deep elf sorcerer (Elf:3)
  Josephine (D:10)
  A hydra (D:11)
  A merfolk avatar (Shoals:1)
  3 naga warriors
  A centaur warrior (D:10)
  An anaconda (Snake:3)
  2 death knights
  A death yak (Lair:6)
  A naga sharpshooter (Snake:3)
  A shock serpent (Snake:2)
  A two-headed ogre (D:12)
  4 deep elf knights
  2 sea snakes (Shoals:2)
  3 deep elf archers
  2 naga ritualists
  2 orc knights
  A harpy (Shoals:2)
  2 ugly things
  3 deep elf zephyrmancers
  A mana viper (Snake:4)
  A faun (Shoals:3)
  2 deep elf pyromancers (Elf:1)
  An orc sorcerer (Orc:2)
  3 cyclopes
  3 salamanders
  3 elephants
  2 manticores
  A centaur zombie (D:10)
  2 merfolk sirens
  A black mamba (Snake:3)
  Maurice (D:9)
  2 guardian serpents
  3 naga magi
  8 cane toads
  A rime drake (Lair:2)
  An unseen horror (shapeshifter) (D:13)
  3 komodo dragons
  An unseen horror (D:11)
  A yaktaur (D:14)
  An ice devil (IceCv)
  A wind drake (Shoals:1)
  5 merfolk
  A troll (D:11)
  A hornet (D:8)
  4 snapping turtles
  Prince Ribbit (D:6)
  3 slime creatures
  2 wraiths (D:10)
  A vampire (D:10)
  An air elemental (Elf:2)
  7 yaks
  2 basilisks
  A steam dragon (D:9)
  3 vampire mosquitoes
  6 nagas
  2 wargs
  4 water moccasins
  9 orc warriors
  3 black bears
  A hornet zombie (D:9)
  An ice beast (D:5)
  3 ogres
  6 wolves
  A centaur (D:12)
  A necrophage (D:6)
  A phantom (D:4)
  7 bullfrogs
  A gnoll sergeant (D:6)
  2 scorpions
  A water moccasin zombie (D:7)
  A wyvern zombie (D:8)
  An earth elemental (Elf:1)
  Dowan (D:5)
  An electric eel (Snake:2)
  A bullfrog zombie (D:6)
  A hound (D:5)
  2 orc priests
  A bullfrog skeleton (D:4)
  10 orc wizards
  A hell rat (Lair:6)
  A killer bee zombie (D:9)
  A hound skeleton (D:5)
  2 adders
  8 gnolls
  A shadow imp (D:6)
  A worm (D:2)
  A dart slug (D:2)
  19 orcs
  An endoplasm (D:1)
  A giant cockroach (D:4)
  4 hobgoblins
  A jackal (D:1)
  A ball python (D:4)
  3 kobolds
  2 tentacles
226 creatures vanquished.

Vanquished Creatures (others)
  A merfolk impaler (Shoals:3)
  An ogre mage (D:11)
  A deep elf knight (Elf:2)
  A deep elf zephyrmancer (Elf:1)
  A deep elf pyromancer (Elf:3)
  A naga (Snake:4)
  A killer bee (D:10)
  41 hexers
  An orc wizard (D:9)
  2 orcs (D:9)
  4 ancestors
  62 fungi
  123 plants
  13 tentacles
253 creatures vanquished.

Grand Total: 1542 creatures vanquished

Table legend: (Time is in decaauts)
 A = Elapsed time spent in this place.
 B = Non-inter-level travel time spent in this place.
 C = Inter-level travel time spent in this place.
 D = Time resting spent in this place.
 E = Time spent auto-exploring this place.
 F = Levels seen in this place.
 G = Mean time per level.
                   A        B        C        D        E       F      G
               +--------+--------+--------+--------+--------+-----+--------+
         Total |  40513 |  37741 |   2772 |   3935 |  23371 |  35 | 1157.5 |
       Dungeon |  19278 |  18034 |   1244 |   1919 |  12311 |  15 | 1285.2 |
          Lair |   6960 |   6237 |    723 |    665 |   3427 |   6 | 1160.0 |
        Shoals |   3420 |   3207 |    213 |    215 |   1936 |   4 |  855.0 |
     Snake Pit |   5597 |   5182 |    415 |    490 |   3293 |   4 | 1399.2 |
  Orcish Mines |   1891 |   1760 |    131 |    130 |    915 |   2 |  945.5 |
   Elven Halls |   2872 |   2827 |     45 |    414 |   1378 |   3 |  957.3 |
      Ice Cave |    492 |    492 |      0 |    101 |    109 |   1 |  492.0 |
               +--------+--------+--------+--------+--------+-----+--------+

Top non-repeatable levels by time:
 Snake:4: 1952 daAuts
     D:9: 1800 daAuts
     D:2: 1686 daAuts
    D:11: 1631 daAuts
     D:3: 1555 daAuts
  Lair:6: 1549 daAuts
 Snake:3: 1479 daAuts
    D:13: 1472 daAuts
    D:10: 1439 daAuts
    D:15: 1418 daAuts
 Snake:2: 1416 daAuts
  Lair:2: 1407 daAuts
   Elf:2: 1368 daAuts
    D:12: 1335 daAuts
     D:8: 1267 daAuts

Table legend:
 A = Non-vault XP
 B = Vault XP
 C = Vault XP percentage of total XP
 D = Non-vault monster count
 E = Vault monster count
 F = Vault count percentage of total count
                 A         B        C        D         E       F
            +---------+---------+-------+---------+---------+-------
      Total |  319350 |  200976 |  38.6 |     937 |     353 |  27.4
            +---------+---------+-------+---------+---------+-------
        D:1 |      35 |       4 |  10.3 |      20 |       2 |   9.1
        D:2 |      39 |      38 |  49.4 |      16 |       1 |   5.9
        D:3 |     127 |     212 |  62.5 |      25 |       1 |   3.8
        D:4 |     533 |     183 |  25.6 |      19 |       1 |   5.0
        D:5 |    1167 |     218 |  15.7 |      23 |       2 |   8.0
        D:6 |     509 |     255 |  33.4 |      14 |       1 |   6.7
        D:7 |     398 |       3 |   0.7 |      11 |       1 |   8.3
        D:8 |    2136 |       0 |   0.0 |      37 |       0 |   0.0
        D:9 |    1967 |     840 |  29.9 |      28 |       3 |   9.7
       D:10 |    3539 |    9361 |  72.6 |      20 |      16 |  44.4
       D:11 |    5684 |    5061 |  47.1 |      12 |       9 |  42.9
       D:12 |    6864 |    6222 |  47.5 |      25 |      15 |  37.5
       D:13 |    8662 |   13782 |  61.4 |      21 |      19 |  47.5
       D:14 |   15399 |       0 |   0.0 |      32 |       0 |   0.0
       D:15 |   17823 |    2638 |  12.9 |      35 |       4 |  10.3
     Lair:1 |    4349 |    1271 |  22.6 |      11 |       3 |  21.4
     Lair:2 |    7353 |    1521 |  17.1 |      23 |       9 |  28.1
     Lair:3 |    7595 |       0 |   0.0 |      27 |       0 |   0.0
     Lair:4 |    7149 |       0 |   0.0 |      22 |       0 |   0.0
     Lair:5 |    6798 |     802 |  10.6 |      21 |       1 |   4.5
     Lair:6 |   17259 |   13753 |  44.3 |      47 |      54 |  53.5
   Shoals:1 |    8461 |       0 |   0.0 |      19 |       0 |   0.0
   Shoals:2 |   15108 |       0 |   0.0 |      30 |       0 |   0.0
   Shoals:3 |   20065 |       0 |   0.0 |      38 |       0 |   0.0
   Shoals:4 |   13266 |   19635 |  59.7 |      29 |      31 |  51.7
    Snake:1 |   13501 |     892 |   6.2 |      29 |       2 |   6.5
    Snake:2 |   21498 |    4298 |  16.7 |      39 |       8 |  17.0
    Snake:3 |   19481 |       0 |   0.0 |      35 |       0 |   0.0
    Snake:4 |   25879 |   49748 |  65.8 |      60 |      66 |  52.4
      Orc:1 |    5263 |    2081 |  28.3 |      37 |       5 |  11.9
      Orc:2 |    3437 |    7619 |  68.9 |      41 |      22 |  34.9
      Elf:1 |   26066 |    6444 |  19.8 |      43 |       8 |  15.7
      Elf:2 |   17602 |   20906 |  54.3 |      27 |      27 |  50.0
      Elf:3 |   14338 |   27954 |  66.1 |      21 |      19 |  47.5
      IceCv |       0 |    5235 | 100.0 |       0 |      23 | 100.0
            +---------+---------+-------+---------+---------+-------
